Map: Ruins of Seras

Players

SticklerMac

  • Race: Terran Terran
  • League: Bronze

Tauri - Winner!

  • Race: Zerg Zerg
  • League: Bronze

VOD

Have the link to the VOD?

Description

Time

  • Played on: Aug. 4, 2015, 12:50 a.m.
  • Length: 6:15
Show
View Real Time Build Order
Export as new Build Order

SticklerMac Terran 

Build Orders:  

Get SALT Encoding   

  12  0:00  SCV  
  13  0:13  SCV  
  14  0:21  Supply Depot  
  14  0:25  SCV  
  15  0:43  SCV  
  15  0:47  Barracks  
  16  0:53  Refinery  
  16  0:55  SCV  
  17  0:59  Supply Depot  
  17  1:07  SCV  
  18  1:12  Supply Depot  
  18  1:19  SCV  
  18  1:24  Supply Depot  
  19  1:31  SCV  
  20  1:55  Command Center  
  20  1:57  SCV  
  21  2:09  SCV  
  21  2:14  Marine  
  23  2:21  SCV  
  24  2:25  Factory  
  24  2:34  SCV  
  25  2:42  Marine  
  26  2:54  Bunker  
  26  3:08  Supply Depot  
  26  3:11  Supply Depot  
  26  3:16  Marine  
  26  3:19  Orbital Command  
  27  3:20  Orbital Command  
  27  3:23  Starport  
  27  3:29  Barracks  
  27  3:30  Barracks  
  26  3:56  Marine  
  26  3:58  SCV  
  26  4:00  Orbital Command  
  28  4:16  Bunker  
  28  4:18  Bunker, Marine  
  28  4:21  Barracks Reactor  
  29  4:27  Barracks Tech Lab  
  25  4:31  Medivac  
  25  4:37  Barracks  
  23  4:48  Marine  
  24  5:05  Supply Depot  
  24  5:12  Marine x2  
  24  5:13  Marine  
  22  5:21  Marine  
  22  5:26  Orbital Command  
  4  5:37  Marine x2  
  4  5:38  Marine  
  6  5:55  Marine  
Show
View Real Time Build Order
Export as new Build Order

Tauri Zerg - Winner!

Build Orders: Hatch First, Zergling Baneling 

Get SALT Encoding   

  12  0:04  Drone  
  13  0:09  Drone  
  14  0:17  Overlord  
  14  0:27  Drone, Extractor  
  14  0:28  Extractor  
  14  0:30  Drone  
  16  0:36  Drone  
  17  0:48  Drone  
  18  1:02  Hatchery, Drone  
  18  1:09  Drone  
  19  1:19  Spawning Pool  
  19  1:23  Extractor  
  19  1:25  Drone, Extractor  
  17  1:32  Drone  
  18  1:43  Drone  
  19  1:52  Overlord  
  19  2:02  Drone  
  20  2:11  Queen  
  20  2:14  Queen  
  24  2:15  Zergling x2  
  24  2:16  Zergling x2  
  24  2:21  Metabolic Boost  
  26  2:26  Drone  
  26  2:28  Drone  
  28  2:39  Drone x2  
  30  2:46  Drone  
  30  2:50  Overlord  
  31  3:00  Drone x2  
  33  3:05  Baneling Nest  
  33  3:12  Drone  
  33  3:13  Drone  
  34  3:28  Zergling x2  
  34  3:29  Zergling x14  
  34  3:32  Drone x2  
  44  3:39  Overlord  
  43  3:55  Drone  
  43  3:58  Drone x2  
  45  4:12  Drone  
  45  4:14  Drone  
  45  4:15  Hatchery, Drone x4  
  48  4:32  Zergling x2  
  48  4:33  Zergling x6  
  48  4:34  Overlord  
  48  4:35  Overlord  
  52  4:49  Baneling x4  
  52  4:50  Baneling x8  
  52  4:55  Drone x5  
  52  4:56  Drone x2  
  52  4:58  Extractor  
  58  5:00  Extractor  
  58  5:02  Queen  
  58  5:04  Queen  
  54  5:30  Zergling x14  
  54  5:31  Zergling x6  
Tags
 
Add a new tag
Caveats
  • Supply blocks, unpowered buildings, or Contaminate may cause inaccurate times.
  • Supply counts are checked every 10 seconds.